[Event "Team 45 45 League T31"]
[Site "Internet Chess Club"]
[Date "2006.07.06"]
[Round "3"]
[White "Grenadier"]
[Black "kingofthespill"]
[Result "0-1"]
[WhiteElo "1591"]
[BlackElo "1557"]
[TimeControl "2700+45"]

1. e4 e5 2. f4 Bc5 3. Nf3 d6 4. Bc4 Nf6 5. Nc3 Nc6 6. d3 Be6 7. Bxe6 fxe6 8.
fxe5 Ng4 9. d4 Bb6 10. Bg5 Qd7 11. h3 Nh6 12. Bxh6 gxh6 13. Na4 Nxd4 14. Nxb6
Nxf3+ 15. Qxf3 axb6 16. Qh5+ Qf7 17. Qxf7+ Kxf7 18. exd6 cxd6 19. a3 Ra4 20.
O-O+ Ke7 21. Rfe1 Rc8 22. c3 Rf8 23. Rad1 Rf7 24. Re2 Ra8 25. Red2 Rd8 26. c4
Rf4 27. e5 d5 28. cxd5 Re4 29. dxe6 Rxd2 30. Rxd2 Rxe5 31. Rd7+ Kxe6 32. Rxb7
Rb5 33. Rxh7 Rxb2 34. Rxh6+ Kf5 35. Rc6 Kf4 36. Kh2 b5 37. a4 b4 38. Rc4+ Ke3
39. a5 Kd3 40. Rg4 b3 41. a6 Ra2 42. Rg3+ Kc2 43. Rxb3 Kxb3 44. h4 Rxa6 45. g4
Kc4 46. Kg3 Kd5 47. Kf4 Ke6 48. Kg5 Kf7 49. h5 Kg7 50. Kf5 Ra5+ 51. Kf4 Kf6 52.
Kg3 Kg5 {White resigns} 0-1  aics% 



linda23(71): es jaquemate
aics%

[Event "ICC 45 45"]
[Site "Internet Chess Club"]
[Date "2006.07.07"]
[Round "3"]
[White "Mutaant"]
[Black "Wheels"]
[Result "0-1"]
[WhiteElo "1471"]
[BlackElo "1666"]
[TimeControl "2700+45"]

1. e4 e5 2. Nf3 Nc6 3. Bb5 a6 4. Ba4 Nf6 5. d3 d6 6. Nc3 Be7 7. h3 b5 8. Bb3 Na5
9. Nd2 Nxb3 10. Nxb3 c5 11. Bg5 Bb7 12. Qf3 O-O 13. O-O Qc7 14. Qf5 Rad8 15. Ne2
Rfe8 16. Ng3 h6 17. Be3 Qd7 18. Nd2 Qxf5 19. Nxf5 Bc8 20. Ng3 d5 21. f4 exf4 22.
Rxf4 dxe4 23. Ndxe4 Nd5 24. Rf3 f5 25. Nxc5 Nxe3 26. Rxe3 Bxc5 {White resigns}
0-1  aics%

[Event "Team 45 45 League T31"]
[Site "Internet Chess Club"]
[Date "2006.07.06"]
[Round "3"]
[White "chiiwen"]
[Black "nursey"]
[Result "1-0"]
[WhiteElo "1690"]
[BlackElo "1621"]
[TimeControl "2700+45"]

1. e4 e5 2. Nf3 Nc6 3. Bb5 a6 4. Ba4 Nf6 5. O-O Be7 6. d3 d6 7. c3 O-O 8. Re1 b5
9. Bc2 Bg4 10. Be3 Re8 11. Nbd2 a5 12. h3 Be6 13. d4 d5 14. dxe5 Nxe4 15. Nxe4
dxe4 16. Bxe4 Ra6 17. Qc2 h6 18. b3 a4 19. Rad1 Qb8 20. Bxc6 Rxc6 21. Nd4 Ra6
22. Nxe6 axb3 23. axb3 Rxe6 24. f4 Bh4 25. Bf2 Bxf2+ 26. Qxf2 Rd8 27. Rxd8+ Qxd8
28. f5 Rc6 29. Qf3 Qd2 30. Re3 Qc1+ 31. Kh2 g6 32. Qxc6 Qxe3 33. Qe8+ Kg7 34.
f6+ Kh7 35. Qxf7+ {Black resigns} 1-0  aics%

[Event "Team 45 45 League T31"]
[Site "Internet Chess Club"]
[Date "2006.07.06"]
[Round "3"]
[White "GrandPoobah069"]
[Black "tryanything"]
[Result "0-1"]
[WhiteElo "1623"]
[BlackElo "1605"]
[TimeControl "2700+45"]

1. e4 e5 2. Nf3 Nc6 3. d4 exd4 4. Bc4 Bc5 5. c3 dxc3 6. Bxf7+ Kxf7 7. Qd5+ Kf8
8. Qxc5+ d6 9. Qxc3 Nge7 10. Bf4 Ng6 11. Bg3 Qe7 12. Nbd2 Be6 13. O-O Kf7 14.
Nd4 Nxd4 15. Qxd4 c5 16. Qe3 Rhe8 17. f4 Bd5 18. e5 dxe5 19. fxe5+ Kg8 20. Rfe1
b6 21. a3 Qb7 22. Re2 Re6 23. Rae1 Rae8 24. Nf3 Bxf3 25. Qxf3 Qf7 26. h4 Ne7 27.
Bh2 h5 28. Qf4 Qxf4 29. Bxf4 Nf5 30. Bg5 g6 31. Bf6 Kf7 32. Kf2 a5 33. g3 Nd4
34. Re4 b5 35. R1e3 Rc8 36. b3 Nc2 37. Rd3 Nd4 38. Rc3 b4 39. axb4 axb4 40. Rxd4
bxc3 41. Rc4 Ra6 42. Rxc3 Ra3 43. Ke2 c4 44. Rxc4 Rxc4 45. bxc4 Rc3 46. e6+ Kxf6
47. Kd2 Rxc4 48. Kd3 Rg4 49. Ke3 Kxe6 {White resigns} 0-1  aics%

[Event "Team 45 45 League T31"]
[Site "Internet Chess Club"]
[Date "2006.07.09"]
[Round "3"]
[White "FiendAngelical"]
[Black "SeniorCitizen"]
[Result "1-0"]
[WhiteElo "1492"]
[BlackElo "1370"]
[TimeControl "2700+45"]

1. d4 d5 2. c4 e6 3. Nc3 Nf6 4. Bg5 Be7 5. e3 O-O 6. Nf3 c6 7. Rc1 Nbd7 8. Bd3
dxc4 9. Bxc4 Nd5 10. Bxe7 Qxe7 11. O-O N7f6 12. Bd3 Nb4 13. Bb1 b6 14. e4 Bb7
15. a3 Na6 16. b4 Nc7 17. Qc2 g6 18. e5 Nfd5 19. Ne4 f5 20. exf6 Nxf6 21. Nxf6+
Qxf6 22. Ne5 Qg5 23. Nxc6 Nb5 24. Qe4 Qf5 25. Qe3 Qf6 26. a4 Bxc6 27. Rxc6 Qxd4
28. Qxe6+ Kh8 29. axb5 Rae8 30. Qd6 Qxb4 31. Qxb4 {Black resigns} 1-0  aics%

[Event "Team 45 45 League T31"]
[Site "Internet Chess Club"]
[Date "2006.07.07"]
[Round "3"]
[White "BosqueVerde"]
[Black "Fineas-Fogg"]
[Result "1/2-1/2"]
[WhiteElo "1230"]
[BlackElo "1408"]
[TimeControl "2700+45"]

1. d4 Nf6 2. c4 c5 3. Nf3 cxd4 4. Nxd4 g6 5. Nc3 e5 6. Nf3 e4 7. Ng5 Qe7 8. Qc2
Nc6 9. Nb5 Qe5 10. g3 Nd4 11. Nxd4 Qxd4 12. e3 Bb4+ 13. Bd2 Qxd2+ 14. Qxd2 Bxd2+
15. Kxd2 O-O 16. Bg2 Re8 17. f3 exf3 18. Bxf3 h6 19. Nh3 Ne4+ 20. Kd3 Nc5+ 21.
Ke2 d5 22. Nf4 dxc4 23. Nd5 Rd8 24. Rad1 Kg7 25. b4 Ne6 26. h4 a5 27. b5 a4 28.
Ne7 Bd7 29. Bxb7 Ra7 30. Bc6 Bxc6 31. Nxc6 Rxd1 32. Rxd1 Rb7 33. Rd5 Nc7 34. Rd7
Rxb5 35. Rxc7 Rb2+ 36. Kf3 c3 37. Ne5 c2 38. Rxf7+ Kg8 39. Rc7 Rxa2 40. Nd3 a3
41. Nb4 Rb2 42. Nxc2 a2 43. Kf4 Rxc2 44. Rxc2 a1=Q 45. Rc8+ Kf7 46. Rc7+ Ke6
{Game drawn by mutual agreement} 1/2-1/2  aics%

[Event "Team 45 45 League T31"]
[Site "Internet Chess Club"]
[Date "2006.07.05"]
[Round "3"]
[White "GolferBob"]
[Black "OnFire"]
[Result "0-1"]
[WhiteElo "1781"]
[BlackElo "1673"]
[TimeControl "2700+45"]

1. d4 Nf6 2. Bf4 g6 3. Nf3 Bg7 4. e3 d6 5. Be2 O-O 6. h3 Bf5 7. O-O Nbd7 8. Nbd2
Re8 9. c3 c5 10. Re1 a6 11. a4 e5 12. dxe5 dxe5 13. Bg5 e4 14. Nh2 Ne5 15. Nc4
Nd3 16. Bxd3 exd3 17. Nf3 Be6 18. Nfd2 Bxc4 19. Nxc4 Qd5 20. Bxf6 Qxc4 21. Bxg7
Kxg7 22. Qf3 Qb3 23. Qd1 Qd5 24. Qd2 Rad8 25. f3 c4 26. e4 Qc5+ 27. Qe3 Qxe3+
28. Rxe3 Re6 29. Ree1 Rb6 30. Rab1 Rdd6 31. Kf2 Rb3 32. Red1 Rdb6 33. Rd2 Ra3
34. Ke3 Rxa4 35. b4 a5 36. b5 Ra3 37. Kd4 Rb3 38. Ra1 R6xb5 39. Kxc4 b6 40. Rxd3
Rb2 41. g4 Rc5+ 42. Kd4 Rc6 43. Kd5 Rc8 44. Ke5 Rc5+ 45. Kf4 Rc2 46. Ra3 Rh2 47.
Kg3 Rb2 48. Kf4 g5+ 49. Kg3 Rb1 50. Kg2 Rcb5 51. Rd2 R5b2 52. Rxb2 Rxb2+ 53. Kg3
Kf6 54. Ra4 Ke5 55. Rc4 h6 56. Rc7 f6 57. Rc6 Rb5 58. Rc8 Rc5 59. Re8+ Kd6 60.
Rf8 Ke7 61. Rb8 b5 62. Rb7+ Ke6 63. Rb6+ Ke5 64. Rb8 a4 65. Re8+ Kd6 66. Rb8 a3
67. Rb6+ Ke5 68. Ra6 Rxc3 69. Rb6 Rc5 70. Ra6 b4 71. Rb6 a2 {White resigns} 0-1 
aics%

[Event "Team 45 45 League T31"]
[Site "Internet Chess Club"]
[Date "2006.07.09"]
[Round "3"]
[White "ElmerHo"]
[Black "allanchs"]
[Result "1-0"]
[WhiteElo "1573"]
[BlackElo "1570"]
[TimeControl "2700+45"]

1. e4 e5 2. Nf3 Nc6 3. Bb5 a6 4. Ba4 Nf6 5. O-O Be7 6. Re1 b5 7. Bb3 d6 8. c3
Na5 9. Bc2 c5 10. d4 Qc7 11. Nbd2 O-O 12. h3 Bd7 13. Nf1 Rac8 14. Ne3 cxd4 15.
cxd4 Nc4 16. Nxc4 Qxc4 17. Bb3 Qc6 18. dxe5 dxe5 19. Nxe5 Qc7 20. Nxd7 Nxd7 21.
Qe2 Rcd8 22. Bd2 Bf6 23. Rac1 Qd6 24. Ba5 Rde8 25. Bc7 Qb4 26. Rc2 Be5 27. Bxe5
Rxe5 28. f3 Qe7 29. Rc7 Qe8 30. Bd5 Re7 31. Rec1 Nf6 32. Bb3 Rxc7 33. Rxc7 Qd8
34. Qc2 a5 35. Bxf7+ Kh8 36. Be6 Re8 37. Rc8 Qe7 38. Rxe8+ Qxe8 39. Qc8 Qxc8 40.
Bxc8 b4 41. Be6 g6 42. Kf2 Kg7 43. Ke3 Kf8 44. Kd4 {Black resigns} 1-0  aics%

[Event "Team 45 45 League T31"]
[Site "Internet Chess Club"]
[Date "2006.07.08"]
[Round "3"]
[White "Invicta-Knight"]
[Black "heh"]
[Result "0-1"]
[WhiteElo "1482"]
[BlackElo "1513"]
[TimeControl "2700+45"]

1. e4 e5 2. f4 exf4 3. Nf3 Nf6 4. Nc3 d6 5. d4 Be7 6. Bxf4 Bg4 7. Bc4 O-O 8. h3
Bh5 9. Qd3 c6 10. O-O-O d5 11. exd5 cxd5 12. Bb3 Bg6 13. Qb5 Ne4 14. Nxe4 Bxe4
15. Qxb7 Nd7 16. Bxd5 Bxd5 17. Qxd5 Nf6 18. Qxd8 Rfxd8 19. a3 Nd5 20. Bd2 f6 21.
Rhe1 Bd6 22. c4 Nc7 23. Ba5 Bf4+ 24. Kc2 Rd7 25. Re4 Bd6 26. Rde1 Kf7 27. Kc3
Bg3 28. R1e3 Ne8 29. Ng5+ fxg5 30. Rxg3 Nf6 31. Rf3 Kg6 32. Re6 h5 33. Kd3 g4
34. Rg3 Kf5 35. Rge3 Rc8 36. h4 Rb8 37. Bc3 a5 38. g3 a4 39. R3e5+ Kg6 40. Ra5
Rf8 41. Rxa4 Kf7 42. Raa6 Ne8 43. b4 Nc7 44. Red6 Ke7 45. Rxd7+ Kxd7 46. Rg6
Rf3+ 47. Kd2 Rxg3 48. Rxg7+ Kd6 49. Rg6+ Kd7 50. d5 Ne8 51. Rh6 Rg2+ 52. Ke1 Rg3
53. Bb2 Rb3 54. Rh7+ Kd6 55. c5+ Kxd5 56. Rxh5+ Kc6 57. Rh6+ Kb5 58. Bc1 Rh3 59.
Kf2 Nc7 60. Rh7 Kc6 {White forfeits on time} 0-1  aics%

[Event "Team 45 45 League T31"]
[Site "Internet Chess Club"]
[Date "2006.07.10"]
[Round "3"]
[White "AVEMARIA"]
[Black "buzzard"]
[Result "0-1"]
[WhiteElo "1666"]
[BlackElo "1607"]
[TimeControl "2700+45"]

1. e4 c5 2. Nf3 Nc6 3. Bb5 Nd4 4. Nxd4 cxd4 5. O-O Nf6 6. d3 Qa5 7. c4 a6 8. Bd2
Qb6 9. Qa4 Ra7 10. Ba5 axb5 11. Bxb6 Rxa4 12. b3 Ra6 13. Bxd4 bxc4 14. bxc4 Rd6
15. Bxf6 gxf6 16. Rd1 e5 17. Nc3 Rc6 18. Nd5 Bc5 19. Rdb1 Bd4 {White resigns}
0-1  aics%

[Event "Team 45 45 League T31"]
[Site "Internet Chess Club"]
[Date "2006.07.10"]
[Round "3"]
[White "jientho"]
[Black "jazzyrick"]
[Result "0-1"]
[WhiteElo "1433"]
[BlackElo "1651"]
[TimeControl "2700+45"]

1. e4 c5 2. Nf3 d6 3. d4 cxd4 4. Nxd4 Nf6 5. Nc3 a6 6. Be3 e6 7. Bc4 b5 8. Ncxb5
axb5 9. Bxb5+ Bd7 10. Qd3 Be7 11. O-O O-O 12. Nb3 Ng4 13. Bd4 e5 14. Bc3 Qb6 15.
Bxd7 Nxd7 16. a4 Nc5 17. a5 Qxb3 18. Qxd6 Bxd6 19. cxb3 Nxb3 20. Rad1 Bc7 21. f3
Ne3 22. Rd7 Nxf1 23. Rxc7 Ne3 24. Bxe5 Rxa5 25. Bd6 Rd8 26. e5 Nf5 27. f4 Nxd6
28. exd6 Rd5 29. Rb7 Nd4 30. b4 h6 31. Kf2 R5xd6 32. b5 Rd5 33. b6 R5d7 {White
resigns} 0-1  aics%

[Event "Team 45 45 League T31"]
[Site "Internet Chess Club"]
[Date "2006.07.10"]
[Round "3"]
[White "DynamoKyiv"]
[Black "rh40"]
[Result "0-1"]
[WhiteElo "1487"]
[BlackElo "1584"]
[TimeControl "2700+45"]

1. e4 c6 2. d4 d5 3. Nc3 dxe4 4. f3 exf3 5. Nxf3 Bg4 6. Bc4 Nd7 7. Bxf7+ Kxf7 8.
Ng5+ Ke8 9. Qxg4 Ngf6 10. Qe6 Qb6 11. Qf7+ Kd8 12. Ne6+ Kc8 13. O-O Ne5 14. Rxf6
Nxf7 15. Rxf7 Kd7 16. Nc5+ Ke8 17. Rf1 g6 18. Rb1 Bg7 19. Be3 Bf6 20. N3e4 Kf7
21. Nd7 Qd8 22. Ndxf6 exf6 23. c3 f5 24. Ng5+ Kg8 25. Rbe1 Qd7 26. Bf4 h6 27.
Ne6 Re8 28. Nc5 Qf7 29. Be5 Rh7 30. b3 b6 31. Ne4 fxe4 32. Rxf7 Rxf7 33. Rxe4
Ref8 34. Re1 Rf2 35. a4 Rb2 36. b4 Rff2 37. b5 cxb5 38. axb5 Rxg2+ 39. Kh1 Rge2
40. Rg1 g5 41. c4 Rbc2 42. Rf1 Rxc4 43. Rf6 Rc1+ {White resigns} 0-1  aics%

[Event "Team 45 45 League T31"]
[Site "Internet Chess Club"]
[Date "2006.07.09"]
[Round "3"]
[White "kevinfons"]
[Black "ChessZak"]
[Result "0-1"]
[WhiteElo "1426"]
[BlackElo "1499"]
[TimeControl "2700+45"]

1. c4 c5 2. Nc3 Nc6 3. d3 g6 4. e4 Bg7 5. Nf3 d6 6. Be2 Bg4 7. O-O Nf6 8. a3 O-O
9. Rb1 Bxf3 10. Bxf3 Nd4 11. Nd5 Nxd5 12. exd5 a6 13. b4 cxb4 14. axb4 Rb8 15.
Bb2 Nxf3+ 16. Qxf3 Bxb2 17. Rxb2 b5 18. Ra1 Qb6 19. Rba2 Ra8 20. h3 bxc4 21.
dxc4 Qxb4 22. Rxa6 Rxa6 23. Rxa6 Qxc4 24. Qe3 Qxa6 {White resigns} 0-1

[Event "Team 45 45 League T31"]
[Site "Internet Chess Club"]
[Date "2006.07.11"]
[Round "3"]
[White "ChessAddict"]
[Black "sogtulakk"]
[Result "0-1"]
[WhiteElo "2134"]
[BlackElo "2094"]
[TimeControl "2700+45"]

1. d4 Nf6 2. c4 g6 3. Nc3 d5 4. cxd5 Nxd5 5. e4 Nxc3 6. bxc3 Bg7 7. Be3 b6 8.
Bd3 c5 9. Ne2 Bb7 10. O-O cxd4 11. cxd4 O-O 12. Qd2 Nc6 13. e5 e6 14. Rad1 Ne7
15. Bg5 Qd7 16. f3 Rac8 17. Bh6 Rfd8 18. Bxg7 Kxg7 19. Rf2 Bd5 20. Be4 Nc6 21.
Qf4 Qe7 22. Ng3 f5 23. exf6+ Qxf6 24. Qe3 h5 25. Rfd2 h4 26. Ne2 Rf8 27. Nc3 Ne7
28. Re1 Rce8 29. Nb5 Bxe4 30. fxe4 a6 31. Nc7 Rd8 32. Nxa6 Nc6 33. d5 Ne5 34.
Qxb6 h3 35. Nc7 hxg2 36. Nxe6+ Kh8 37. Qe3 Qf1+ {White resigns} 0-1  aics%

[Event "Team 45 45 League T31"]
[Site "Internet Chess Club"]
[Date "2006.07.08"]
[Round "3"]
[White "spacecadet"]
[Black "Ser-Enigma"]
[Result "0-1"]
[WhiteElo "1815"]
[BlackElo "2090"]
[TimeControl "2700+45"]

1. e4 c5 2. Nf3 Nc6 3. c4 e6 4. Nc3 d6 5. d4 cxd4 6. Nxd4 a6 7. Be2 Nf6 8. O-O
Be7 9. Be3 Qc7 10. f4 O-O 11. f5 Ne5 12. b3 b5 13. Rc1 bxc4 14. bxc4 Nxc4 15.
Bxc4 Qxc4 16. Nd5 exd5 17. Rxc4 dxc4 18. Nc6 Re8 19. Nxe7+ Rxe7 20. Qxd6 Rd7 21.
Qc6 Bb7 22. Qxc4 Rc8 23. Qa4 Rd3 24. Bg5 Nxe4 25. Re1 h6 26. Be7 Nc3 27. Qf4 Nd5
28. Qe4 Rd2 29. Re2 Nc3 30. Qxb7 Nxe2+ 31. Kf2 Nc1+ 32. Kg3 Rcc2 33. a3 Ne2+ 34.
Kh4 Nd4 35. Qa8+ Kh7 36. f6 Nf5+ 37. Kh3 Rxg2 38. Qxg2 Rxg2 39. Kxg2 g5 40. Kf3
Kg6 41. Ke4 h5 42. a4 g4 43. Kf4 Nd4 44. Kg3 Kg5 45. Bd8 h4+ 46. Kf2 Ne6 47. Be7
Kf5 48. Ke3 Ng5 49. Bb4 Ne4 50. Be1 h3 51. Bh4 g3 52. Bxg3 Nxg3 53. hxg3 h2
{White resigns} 0-1  aics%

[Event "Team 45 45 League T31"]
[Site "Internet Chess Club"]
[Date "2006.07.09"]
[Round "3"]
[White "DeLaSalle"]
[Black "marson"]
[Result "0-1"]
[WhiteElo "1955"]
[BlackElo "1944"]
[TimeControl "2700+45"]

1. b3 c5 2. Bb2 Nf6 3. e3 d5 4. Nf3 Nc6 5. Bb5 Bg4 6. h3 Bh5 7. Bxc6+ bxc6 8. d3
e6 9. g4 Bg6 10. Ne5 Qc7 11. Nd2 Nd7 12. f4 f6 13. Nxg6 hxg6 14. Qe2 e5 15.
O-O-O O-O-O 16. f5 gxf5 17. gxf5 Nb6 18. e4 Qf7 19. Rdg1 Rh6 20. Rg3 g6 21. fxg6
Rxg6 22. Rhg1 Rxg3 23. Rxg3 Bh6 24. Kb1 Rg8 25. Rxg8+ Qxg8 26. Qg4+ Qxg4 27.
hxg4 Bxd2 {White resigns} 0-1  aics%

[Event "Team 45 45 League T31"]
[Site "Internet Chess Club"]
[Date "2006.07.06"]
[Round "3"]
[White "Stroggs"]
[Black "mike0897"]
[Result "1/2-1/2"]
[WhiteElo "1884"]
[BlackElo "1944"]
[TimeControl "2700+45"]

1. d4 Nf6 2. Nf3 d6 3. Nc3 g6 4. e4 Bg7 5. Be3 O-O 6. Qd2 Ng4 7. Bg5 h6 8. Bh4
Nd7 9. h3 Ngf6 10. e5 Ne8 11. O-O-O c6 12. Qe3 dxe5 13. dxe5 Nc7 14. Bc4 Kh7 15.
Rhe1 Qe8 16. e6 fxe6 17. Ne4 Nd5 18. Qd2 N7b6 19. Bd3 Nf4 20. Bg3 Nbd5 21. Bf1
e5 22. Nc5 Nxh3 23. Nxe5 Ng5 24. Bd3 Bf5 25. Ncd7 Bxd7 26. Bxg6+ Qxg6 27. Nxg6
Kxg6 28. Be5 Bxe5 29. Rxe5 Rf5 30. Rxe7 Nxe7 31. Qxd7 Nd5 32. Qxb7 Re8 33. Qxc6+
{Game drawn by mutual agreement} 1/2-1/2  aics%

[Event "Team 45 45 League T31"]
[Site "Internet Chess Club"]
[Date "2006.07.09"]
[Round "3"]
[White "jayes"]
[Black "azbycx"]
[Result "1-0"]
[WhiteElo "1985"]
[BlackElo "1929"]
[TimeControl "2700+45"]

1. e4 c5 2. Nf3 Nf6 3. Nc3 d5 4. exd5 Nxd5 5. Bb5+ Bd7 6. Bxd7+ Qxd7 7. O-O Nc6
8. Ne4 e6 9. b3 Be7 10. Ba3 b6 11. Bb2 O-O 12. a3 f5 13. Ng3 Bf6 14. c3 Nf4 15.
d4 cxd4 16. cxd4 Qd5 17. Qd2 Bg5 18. Qd1 Rad8 19. Re1 Bf6 20. Qd2 g5 21. Rac1
Nxd4 22. Bxd4 Bxd4 23. Rcd1 Qb7 24. Nh5 Nxh5 25. Qxg5+ Ng7 26. Nxd4 Qd5 27. h4
Kf7 28. Nxf5 Qxf5 29. Rxd8 Rxd8 30. Qxd8 Qa5 31. Re3 Qxa3 32. Rf3+ Nf5 33. g4
Qa1+ 34. Kg2 Qg7 35. Qd7+ {Black resigns} 1-0  aics%

[Event "Team 45 45 League T31"]
[Site "Internet Chess Club"]
[Date "2006.07.08"]
[Round "3"]
[White "alexcolins"]
[Black "martineden"]
[Result "0-1"]
[WhiteElo "1751"]
[BlackElo "1966"]
[TimeControl "2700+45"]

1. d4 c5 2. dxc5 e6 3. b4 Nc6 4. a3 a5 5. b5 Qf6 6. c3 Bxc5 7. Nh3 Ne5 8. Bg5
Bxf2+ 9. Nxf2 Qxg5 10. h4 Qh6 11. Qd4 Qc1+ 12. Nd1 f6 13. e3 Ne7 14. Be2 Nf5 15.
Qf4 O-O 16. O-O d5 17. e4 Qxf4 18. Rxf4 Ng6 19. Rg4 dxe4 20. h5 Ne5 21. Rxe4 Ng3
22. Re3 Nxe2+ 23. Rxe2 Bd7 24. a4 Rfd8 25. Ne3 Be8 26. g4 Rac8 27. Raa2 Nxg4 28.
Nf1 Bxh5 29. Rxe6 Bf7 30. Ree2 Bxa2 31. Rxa2 Rd1 32. Na3 Ne3 33. Rf2 Rxc3 {White
resigns} 0-1  aics%

[Event "Team 45 45 League T31"]
[Site "Internet Chess Club"]
[Date "2006.07.10"]
[Round "3"]
[White "JohnnySP"]
[Black "deathmage"]
[Result "1-0"]
[WhiteElo "1850"]
[BlackElo "1705"]
[TimeControl "2700+45"]

1. e4 e6 2. d4 d5 3. e5 c5 4. c3 Nc6 5. Nf3 Bd7 6. a3 cxd4 7. cxd4 Nge7 8. b4
Nc8 9. Nc3 Be7 10. h4 a6 11. Na4 N6a7 12. Nc5 Bxc5 13. dxc5 Bb5 14. Nd4 Bxf1 15.
Kxf1 Qc7 16. Qh5 Ne7 17. Nxe6 Qc6 18. Nxg7+ Kd7 19. Nf5 Ng6 20. Bb2 Rhg8 21. Nd4
Qc7 22. e6+ Ke7 23. exf7 Rgf8 24. Re1+ Kd7 25. Qf5+ {Black resigns} 1-0  aics% 
ChessBoy(340): why not i can hit his head against the comp screen aics%

[Event "Team 45 45 League T31"]
[Site "Internet Chess Club"]
[Date "2006.07.11"]
[Round "3"]
[White "chickenhead"]
[Black "GamblingFischer"]
[Result "1-0"]
[WhiteElo "1891"]
[BlackElo "1902"]
[TimeControl "2700+45"]

1. c4 Nf6 2. g3 g6 3. Bg2 Bg7 4. Nf3 d6 5. d4 O-O 6. O-O c6 7. Nc3 Bg4 8. Bg5
Qb6 9. Qd2 Re8 10. e4 e5 11. dxe5 dxe5 12. a3 Nbd7 13. b4 a5 14. c5 Qc7 15. Qe3
Be6 16. Bxf6 Nxf6 17. Nd2 Ng4 18. Qe2 f5 19. Nc4 Bxc4 20. Qxc4+ Qf7 21. Qxf7+
Kxf7 22. Rfd1 Nf6 23. f3 Re7 24. Na4 axb4 25. axb4 fxe4 26. fxe4 Ng4 27. Nb6
Rxa1 28. Rxa1 Ne3 29. Ra2 Bh6 30. Nc8 Rd7 31. Nd6+ Ke7 32. Bh3 Rc7 33. Rf2 Nf5
34. exf5 Be3 35. fxg6 Bxf2+ 36. Kxf2 hxg6 37. Ke3 Kd8 38. Bg4 Rh7 39. h4 Kc7 40.
Bf3 Rh8 41. Ke4 Rf8 42. Nc4 Ra8 43. Nxe5 g5 44. hxg5 Ra4 45. Nd3 Kd7 46. Bg4+
Ke7 47. Bc8 Ra7 48. Kf5 Ra3 49. Nf4 Rxg3 50. Bxb7 Kd7 51. Ng6 Kc7 52. Ba6 Ra3
53. Bc4 Rc3 54. Be6 Rf3+ 55. Nf4 Kd8 56. g6 Rg3 57. Bf7 Ke7 58. Ba2 Rg1 59. Bc4
Rg3 60. Ba2 Rg1 61. Be6 Kf8 62. Bd7 Rb1 63. Bxc6 Rxb4 64. Bd5 Rb5 65. c6 Rc5 66.
Ne6+ {Black resigns} 1-0  aics%  arriero55(71): yo una ved me gane un tortaso
por intentar dejarme caer en una pared con la mano y fui a parar a las tetas de
una aics%

[Event "Team 45 45 League T31"]
[Site "Internet Chess Club"]
[Date "2006.07.12"]
[Round "3"]
[White "BillyNoMates"]
[Black "Nosferatu1"]
[Result "0-1"]
[WhiteElo "1902"]
[BlackElo "1890"]
[TimeControl "2700+45"]

1. e4 c5 2. Nf3 Nc6 3. d4 cxd4 4. Nxd4 g6 5. Be3 Bg7 6. Be2 Nf6 7. Nc3 O-O 8. h4
d5 9. f3 dxe4 10. Nxc6 bxc6 11. fxe4 Qxd1+ 12. Rxd1 Bg4 13. Bf3 Be6 14. Bc5 Rfe8
15. O-O Kf8 16. e5 Nd7 17. Bd4 Rac8 18. Bxa7 c5 19. a4 Nxe5 20. a5 Bc4 21. Rfe1
Nxf3+ 22. gxf3 Rc6 23. Rd7 Be6 24. Rd2 Bf6 25. Red1 Bxh4 26. Ne4 c4 27. c3 Rec8
28. Be3 f5 29. Ng5 Kg7 30. Nxe6+ Rxe6 31. Bb6 Kf7 32. Ra1 Ra8 33. Rd4 g5 34.
Rxc4 Rxb6 35. axb6 Rxa1+ 36. Kg2 Ra8 37. Rc7 Rb8 38. b7 Ke6 39. c4 Kd6 40. Rc8
Rxb7 41. c5+ Kd7 42. Rh8 Rxb2+ 43. Kh3 Rc2 44. Rxh7 Rxc5 45. Rg7 Rc3 46. Kg2 Ke6
47. Rg6+ Ke5 48. Ra6 e6 49. Ra5+ Kf6 50. Ra4 Rc2+ 51. Kh3 Rc1 52. Rb4 Rf1 53.
Rb3 Rh1+ 54. Kg2 Rc1 55. Rb4 Rd1 56. Ra4 Ke5 57. Rc4 Rd4 58. Rc5+ Kf4 59. Rc3 e5
60. Rb3 Rd2+ 61. Kh3 Rf2 62. Rb4+ e4 63. fxe4 g4+ {White resigns} 0-1  aics%

[Event "Team 45 45 League T31"]
[Site "Internet Chess Club"]
[Date "2006.07.10"]
[Round "3"]
[White "burnsja2003"]
[Black "Jozin"]
[Result "1-0"]
[WhiteElo "1770"]
[BlackElo "1559"]
[TimeControl "2700+45"]

1. d4 Nf6 2. c4 e6 3. Bg5 Be7 4. Nf3 b6 5. e3 Bb7 6. Bd3 d5 7. O-O O-O 8. Nc3
Nbd7 9. h3 c5 10. Rc1 dxc4 11. Bxc4 Ne4 12. Bf4 Nxc3 13. Rxc3 cxd4 14. exd4 Nf6
15. Be3 Nd5 16. Rc1 Nxe3 17. fxe3 Bf6 18. Qe2 Rc8 19. Kh1 Bd5 20. b3 Re8 21.
Rfd1 Bxc4 22. bxc4 Re7 23. e4 Rd7 24. d5 exd5 25. cxd5 Rxc1 26. Rxc1 Be7 27. Ne5
Rc7 28. Nc6 Qd7 29. Qc4 Bd6 30. Qd4 Bc5 31. Qe5 Bd6 32. Qf5 Qxf5 33. exf5 Kf8
34. Re1 Rd7 35. g4 Bg3 36. Rd1 Bd6 37. Kg2 g6 38. Kf3 gxf5 39. gxf5 f6 40. Rg1
a6 41. Ke4 Rg7 42. Rxg7 Kxg7 43. Kf3 h5 44. h4 Kf8 45. Nd4 Ke8 46. Ne6 Kf7 47.
Nd4 Ke7 48. Nb3 Kd7 49. Nd4 Ke7 50. Nc6+ Kd7 51. Nd4 Ke7 52. Nb3 Kd7 53. Nd2 Kc7
54. Nc4 Be7 55. Ke4 Bc5 56. Kf3 Be7 57. Ke4 Bc5 58. Kf3 Be7 59. Ke4 Bc5 60. Nd2
Bd6 61. Kf3 Bc5 62. Ne4 Be7 63. Ke3 Kd7 64. Ng3 Kd6 65. Ke4 b5 66. Nxh5 a5 67.
Nf4 b4 68. Nd3 Kd7 69. Nb2 Kc7 70. Kd4 Kd6 71. Nc4+ Kc7 72. Nxa5 Kb6 73. Nc6 Bf8
74. Kc4 Bd6 75. Nxb4 Ka5 76. Nc6+ Ka4 77. h5 Bf8 78. Nd4 Ka5 79. Ne6 {Black
resigns} 1-0  aics%

[Event "Team 45 45 League T31"]
[Site "Internet Chess Club"]
[Date "2006.07.06"]
[Round "3"]
[White "allanchs"]
[Black "NESKAYA"]
[Result "1-0"]
[WhiteElo "1602"]
[BlackElo "1661"]
[TimeControl "2700+45"]

1. e4 e5 2. Nf3 Nf6 3. Nc3 d6 4. Bc4 Be7 5. O-O O-O 6. d4 exd4 7. Nxd4 a6 8. a4
Bd7 9. Be3 Nc6 10. Qe2 Nxd4 11. Bxd4 c6 12. Rfe1 b5 13. axb5 axb5 14. Bd3 b4 15.
Rxa8 Qxa8 16. Nd1 c5 17. Bxf6 Bxf6 18. b3 Re8 19. Ne3 Bc3 20. Rd1 g6 21. Nd5 Bd4
22. Nc7 Qc8 23. Nxe8 Bg4 24. Qd2 Bxd1 25. Nxd6 Qd7 26. Qxd1 Qxd6 27. Qf3 Be5 28.
g3 Kg7 29. Bc4 f6 30. Qd3 Qxd3 31. Bxd3 g5 32. Kg2 h6 33. h3 Kg6 34. f3 Bd6 35.
e5+ Kf7 36. exd6 Ke6 37. f4 Kxd6 38. fxg5 hxg5 39. Kf3 Ke5 40. h4 {Black
resigns} 1-0  aics%

[Event "Team 45 45 League T31"]
[Site "Internet Chess Club"]
[Date "2006.07.08"]
[Round "3"]
[White "A-Ru"]
[Black "Amauta"]
[Result "1/2-1/2"]
[WhiteElo "1897"]
[BlackElo "1917"]
[TimeControl "2700+45"]

1. d4 f5 2. Bg5 Nf6 3. Bxf6 exf6 4. e3 d5 5. c4 Bb4+ 6. Nc3 O-O 7. Qb3 Bxc3+ 8.
bxc3 c6 9. cxd5 cxd5 10. Bd3 Nc6 11. Ne2 Qa5 12. O-O Rd8 13. c4 Nb4 14. cxd5
Nxd3 15. Qxd3 Qxd5 16. Nf4 Qf7 17. Rfc1 g5 18. Ne2 Be6 19. a3 Rac8 20. Ng3 Qd7
21. Nh5 Qf7 22. Ng3 Qd7 23. Ne2 h5 24. h4 Bf7 25. Ng3 Bg6 26. Qe2 Qf7 27. Qf3 f4
28. exf4 g4 29. Qe3 Qd5 30. f5 Bf7 31. Qh6 Qxd4 32. Nxh5 Bxh5 33. Qxh5 Rc2 34.
Qg6+ Kh8 35. Rxc2 Qxa1+ 36. Kh2 Qe5+ 37. g3 Qd4 38. Qf7 b5 39. h5 a5 40. h6 Rg8
41. Qb3 b4 42. axb4 Qxb4 43. Qd5 Qf8 44. Qd2 a4 45. Kg2 Qa8+ 46. Kg1 Qe4 47. Rc5
Rb8 48. Rc1 Rb1 49. Qd1 Rxc1 50. Qxc1 Kh7 51. Qc8 Kxh6 52. Qh8+ Kg5 53. Qh4+
Kxf5 54. Qh7+ Ke5 55. Qe7+ Kf5 56. Qh7+ Ke5 57. Qe7+ Kf5 58. Qh7+ {Game drawn by
repetition} 1/2-1/2  aics%

[Event "Team 45 45 League T31"]
[Site "Internet Chess Club"]
[Date "2006.07.10"]
[Round "3"]
[White "Simonside"]
[Black "Qualm"]
[Result "0-1"]
[WhiteElo "1920"]
[BlackElo "1799"]
[TimeControl "2700+45"]

1. c4 e5 2. Nc3 Nf6 3. Nf3 Nc6 4. d4 exd4 5. Nxd4 Be7 6. g3 d5 7. cxd5 Nxd5 8.
Nxc6 bxc6 9. Bg2 O-O 10. Nxd5 cxd5 11. Qxd5 Bb4+ 12. Bd2 Qxd5 13. Bxd5 Bxd2+ 14.
Kxd2 Rd8 15. Kc3 Rxd5 16. Rhd1 Bb7 17. Rxd5 Bxd5 18. Rd1 Be6 19. b3 Kf8 20. e4
Ke7 21. f4 Rd8 22. Rxd8 Kxd8 23. f5 Bd7 24. Kd4 Ke7 25. g4 g5 26. Kc5 Kf6 27.
Kd5 Ke7 28. a4 f6 29. e5 fxe5 30. Kxe5 a5 31. Kd5 Kf6 32. Kc5 Ke5 33. b4 axb4
34. Kxb4 c5+ 35. Ka3 Bc6 36. a5 Bb5 37. Kb3 Be2 38. h3 Bf1 39. Kc3 Bxh3 {White
resigns} 0-1  aics%